 Dungeon Crawl Stone Soup version 0.13.0-29-gdb529de (webtiles) character file.

9985 JohnKimble the Thaumaturge (level 11, -18/80 (81) HPs)
             Began as a Naga Fire Elementalist on Nov 15, 2013.
             Was an Elder of Sif Muna.
             Demolished by a small abomination (19 damage)
             ... created by a deep elf priest
             ... in a volcano on Nov 16, 2013.
             The game lasted 01:20:58 (14914 turns).

JohnKimble the Thaumaturge (NaFE)                  Turns: 14914, Time: 01:20:58

HP -18/80 (81)   AC 13     Str 11      XL: 11   Next: 47%
MP   3/28        EV 15     Int 19      God: Sif Muna [****..]
Gold 482         SH  0     Dex 16      Spells:  6 memorised, 12 levels left

Res.Fire  : . . .   See Invis. : +   r - +2,+1 hand axe (distort)
Res.Cold  : + . .   Warding    : .   E - +2 robe {rC+}
Life Prot.: . . .   Conserve   : .   (no shield)
Res.Poison: +       Res.Corr.  : +   w - +0 helmet
Res.Elec. : .       Clarity    : .   C - +2 cloak
Sust.Abil.: . .     Spirit.Shd : .   d - +0 pair of elf gloves
Res.Mut.  : .       Stasis     : .   (no barding)
Res.Rott. : .       Flight     : .   i - amulet of resist corrosion
Saprovore : . . .                    z - ring of regeneration
                                     N - +2 ring of protection

@: agile, very slow, somewhat resistant to hostile enchantments, quite stealthy
A: spit poison, see invisible, deformed body, poison resistance, regeneration 1,
slowness 2, AC +3
a: Spit Poison, Channel Energy, Forget Spell, Renounce Religion


You were in a volcano.
You worshipped Sif Muna.
Sif Muna was greatly pleased with you.
You were very hungry.

You visited 3 branches of the dungeon, and saw 13 of its levels.
You also visited: Sewer and Volcano.

You collected 462 gold pieces.

Inventory:

Hand weapons
 m - a +0,+0 short sword
 q - a +0,+1 lajatang of flaming
 r - a +2,+1 hand axe of distortion (weapon)
 t - a +5,+0 dwarven war axe
 G - a cursed +0,+1 orcish great mace of crushing
Armour
 a - a cursed +0 robe
 d - a +0 pair of elven gloves (worn)
 f - a +0 elven leather armour
 l - a +2 elven leather armour of fire resistance
 w - a +0 helmet (worn)
 C - a +2 cloak (worn)
 E - a +2 robe of cold resistance (worn)
Magical devices
 j - a wand of lightning (0)
 I - a wand of invisibility (0)
 L - a wand of flame (18)
Comestibles
 c - 4 bread rations
 K - 4 slices of pizza
 M - a meat ration
 Q - 3 chunks of spiny frog flesh
 U - a rotting chunk of bat flesh
Scrolls
 e - 2 scrolls of teleportation
 y - 5 scrolls of remove curse
 F - 2 scrolls of recharging {unknown}
Jewellery
 i - an amulet of resist corrosion (around neck)
 k - an uncursed ring of poison resistance
 u - an uncursed ring of positive energy
 z - a ring of regeneration (right hand)
 D - a +1 ring of evasion
 H - an uncursed ring of hunger {unknown}
 J - a +2 ring of strength
 N - a +2 ring of protection (left hand)
 O - an uncursed amulet of inaccuracy {unknown}
Potions
 g - a potion of magic
 h - a potion of poison
 o - 5 potions of curing
 p - a potion of agility
 B - 2 potions of flight
 T - a potion of resistance
Books
 b - a book of Flames

   Spells                             Type                      Level
   *Flame Tongue                      Conjuration/Fire             1
   *Throw Flame                       Conjuration/Fire             2
   *Conjure Flame                     Conjuration/Fire             3
   *Inner Flame                       Hexes/Fire                   3
   *Sticky Flame                      Conjuration/Fire             4
   *Fireball                          Conjuration/Fire             5
 x - a book of Control

   Spells                             Type                      Level
   Control Teleport                   Charms/Translocation         4
   Control Undead                     Necromancy                   4
   Enslavement                        Hexes                        4
   Mass Confusion                     Hexes                        6
   Metabolic Englaciation             Hexes/Ice                    6
Rods
 n - a +0 rod of the swarm (14/14)
   (You found it on level 7 of the Dungeon)
 A - a +0 rod of fiery destruction (11/11)
   (You found it on level 1 of the Lair of Beasts)


   Skills:
 - Level 1.5 Dodging
 - Level 3.0 Stealth
 - Level 10.3 Spellcasting
 + Level 9.9 Conjurations
 + Level 10.0 Fire Magic


You had 12 spell levels left.
You knew the following spells:

 Your Spells              Type           Power        Failure   Level  Hunger
a - Flame Tongue          Conj/Fire      #####        1%          1    None
b - Throw Flame           Conj/Fire      #####.       1%          2    None
c - Conjure Flame         Conj/Fire      #####...     1%          3    None
d - Sticky Flame          Conj/Fire      #####...     1%          4    ##.....
e - Inner Flame           Hex/Fire       ####....     2%          3    None
f - Fireball              Conj/Fire      #####.....   3%          5    ####...


Dungeon Overview and Level Annotations

Branches:
Dungeon (10/27)            Temple (1/1) D:6             Orc (0/4) D:6
   Lair (2/8) D:10

Altars:
Ashenzari
Cheibriados
Elyvilon
Fedhas
Kikubaaqudgha
Makhleb
Nemelex Xobeh
Okawaru
Sif Muna
Trog
Vehumet
Xom
Yredelemnul
Zin
the Shining One


Innate Abilities, Weirdness & Mutations

You cannot wear boots.
You can spit poison.
Your serpentine skin is tough (AC +3).
You have supernaturally acute eyesight.
Armour fits poorly on your strangely shaped body.
Your system is resistant to poisons.
You cover ground very slowly.
Your natural rate of healing is unusually fast.


Message History

Unknown command.
The deep elf fighter is engulfed in roaring flames.
The deep elf fighter gestures at you while chanting.
The puff of frost hits you! You resist.
* * * LOW HITPOINT WARNING * * *
Unknown command.
The deep elf priest is engulfed in roaring flames.
The deep elf fighter hits you but does no damage.
The small abomination closely misses you.
Ugh!
There is something really disgusting in your inventory. (slot U) Unknown command.
The deep elf fighter gestures at you while chanting.
The magic dart hits you!
* * * LOW HITPOINT WARNING * * *
The deep elf fighter's eyes start to glow.
The deep elf priest mumbles some strange prayers to its god against you.
Something smites you!
* * * LOW HITPOINT WARNING * * *
The small abomination hits you!
You die...

. .) . .. . #. ###
#.#.## ##.## ##
#.#§§# #.@.#
...##e.e## ##§x§###
##...§§.###[ee§§.##
#....∩∩.§###.§§.§.#
)..###....§§[§§§§§.##
#....§.###§####
#######..### ..# .%!#


You could see a deep elf priest, a deep elf fighter and a small abomination.

Vanquished Creatures
  A deep elf knight (Volcano)
  3 spiny frogs
  2 deep elf priests (Volcano)
  A fire drake (Lair:2)
  A komodo dragon (Lair:1)
  Prince Ribbit (D:8)
  4 blink frogs (Lair:1)
  2 deep elf fighters
  5 yaks (Lair:1)
  Grum (D:8)
  A hippogriff (Lair:1)
  4 wolves (D:8)
  Menkaure (D:6)
  A soldier ant (D:9)
  4 necrophages (D:9)
  2 porcupines
  A sky beast (D:7)
  3 ice beasts
  A black bear (D:7)
  2 phantoms
  2 ogres (D:6)
  An orc warrior (D:6)
  A centaur (D:9)
  Sigmund (D:6)
  Duvessa (D:8)
  A big kobold (Sewer)
  Blork the orc (D:6)
  2 giant frogs (D:6)
  An eye of draining (D:8)
  2 wights (D:9)
  8 killer bees
  A hippogriff zombie (D:7)
  Dowan (D:8)
  3 crimson imps (D:6)
  2 iguanas
  2 big fish
  4 hounds
  A giant frog skeleton (D:6)
  2 jellies
  A centaur skeleton (D:9)
  5 orc priests
  4 orc wizards
  A quasit (D:6)
  2 scorpions (D:4)
  6 worker ants
  Ijyb (D:6)
  An ogre skeleton (D:4)
  A sky beast zombie (D:5)
  2 mummies (D:9)
  4 gnolls (D:6)
  2 big fish zombies (D:6)
  A giant centipede (Lair:1)
  7 green rats (Lair:1)
  4 adders
  3 giant mites
  3 worms
  3 grey rats (Sewer)
  A giant eyeball (D:4)
  5 giant geckos
  26 orcs
  3 ball pythons
  19 bats
  2 bat skeletons
  8 giant cockroaches
  14 goblins
  15 hobgoblins
  9 jackals
  16 kobolds
  8 quokkas
  7 giant newts
  19 rats
  A rat skeleton (D:7)
  3 ballistomycetes (D:6)
285 creatures vanquished.

Vanquished Creatures (others)
  A manticore (D:8)
  An agate snail (Lair:1)
  A black bear zombie (D:9)
  An adder (Lair:1)
  An orc (D:3)
  A giant cockroach (D:3)
  A bat (D:3)
  A giant newt (D:3)
  A giant spore (D:6)
  A rat (D:4)
  2 ballistomycetes (D:6)
  A fungus (Lair:1)
13 creatures vanquished.

Grand Total: 298 creatures vanquished

Notes
Turn   | Place    | Note
--------------------------------------------------------------
     0 | D:1      | JohnKimble, the Naga Fire Elementalist, began the quest for the Orb.
     0 | D:1      | Reached XP level 1. HP: 15/15 MP: 3/3
   331 | D:1      | Reached XP level 2. HP: 2/22 MP: 0/4
  1082 | D:1      | Reached skill level 4 in Fire Magic
  1275 | D:1      | Learned a level 2 spell: Throw Flame
  1663 | D:1      | Reached XP level 3. HP: 25/28 MP: 2/5
  2552 | D:2      | Found an ancient bone altar of Kikubaaqudgha.
  3539 | D:3      | Found a white marble altar of Elyvilon.
  3678 | D:3      | Reached XP level 4. HP: 30/36 MP: 7/7
  3979 | D:3      | Found a sparkling altar of Nemelex Xobeh.
  3987 | D:3      | Found a snail-covered altar of Cheibriados.
  3992 | D:3      | Found a radiant altar of Vehumet.
  4116 | D:3      | Found a bloodstained altar of Trog.
  4419 | D:3      | Reached XP level 5. HP: 38/42 MP: 0/10
  4567 | D:3      | Found a shimmering altar of Xom.
  4763 | D:3      | Learned a level 3 spell: Conjure Flame
  5329 | D:4      | Reached XP level 6. HP: 49/49 MP: 4/12
  5544 | D:4      | Learned a level 4 spell: Sticky Flame
  5849 | D:4      | Paralysed by a giant eyeball for 4 turns
  5902 | D:4      | Noticed a phantom
  5923 | D:4      | Killed a phantom
  5923 | D:4      | Reached skill level 5 in Fire Magic
  5923 | D:4      | Reached XP level 7. HP: 51/55 MP: 1/13
  6383 | D:5      | Entered Level 5 of the Dungeon
  6519 | D:5      | Reached skill level 5 in Conjurations
  6639 | D:5      | Found a glowing drain.
  6679 | Sewer    | Entered a sewer
  6885 | Sewer    | Found a white marble altar of Elyvilon.
  7426 | D:5      | Reached skill level 6 in Fire Magic
  7571 | D:6      | Noticed Menkaure
  7575 | D:6      | Killed Menkaure
  7575 | D:6      | Reached XP level 8. HP: 62/62 MP: 5/15
  8228 | D:6      | Reached skill level 7 in Fire Magic
  8477 | D:6      | Reached XP level 9. HP: 47/68 MP: 2/17
  8643 | D:6      | Reached skill level 8 in Fire Magic
  8775 | D:6      | Found a staircase to the Orcish Mines.
  8872 | D:6      | Noticed Ijyb
  8879 | D:6      | Killed Ijyb
  8905 | D:6      | Noticed Sigmund
  9092 | D:6      | Killed Sigmund
  9365 | D:6      | Learned a level 3 spell: Inner Flame
 10105 | D:7      | Reached skill level 5 in Spellcasting
 10158 | D:7      | Learned a level 5 spell: Fireball
 10311 | D:7      | Found an iron altar of Okawaru.
 11008 | D:6      | Found a basalt altar of Yredelemnul.
 11113 | D:6      | Found a staircase to the Ecumenical Temple.
 11114 | D:6      | Noticed Blork the orc
 11122 | D:6      | Killed Blork the orc
 11132 | Temple   | Entered the Ecumenical Temple
 11266 | Temple   | Became a worshipper of Sif Muna the Loreminder
 11388 | D:8      | Noticed Grum
 11395 | D:8      | Reached XP level 10. HP: 75/75 MP: 0/24
 11679 | D:8      | Killed Grum
 11679 | D:8      | Acquired Sif Muna's first power
 11683 | D:8      | Noticed Prince Ribbit
 11774 | D:8      | Killed Prince Ribbit
 12070 | D:8      | Found a shattered altar of Ashenzari.
 12194 | D:8      | Noticed Dowan
 12198 | D:8      | Noticed Duvessa
 12203 | D:8      | Killed Dowan
 12204 | D:8      | Killed Duvessa
 12962 | D:9      | Reached skill level 9 in Spellcasting
 13000 | D:9      | Acquired Sif Muna's second power
 13377 | D:10     | Entered Level 10 of the Dungeon
 13377 | D:10     | Found a staircase to the Lair.
 13383 | D:10     | Gained mutation: Your natural rate of healing is unusually fast. [potion of beneficial mutation]
 13391 | Lair:1   | Entered Level 1 of the Lair of Beasts
 13834 | Lair:1   | Reached skill level 10 in Spellcasting
 14316 | Lair:1   | Reached XP level 11. HP: 80/80 MP: 10/28
 14773 | Lair:2   | Noticed a seven-headed hydra
 14857 | Lair:2   | Found a dark tunnel.
 14884 | Volcano  | Entered a volcano
 14889 | Volcano  | Noticed a deep elf knight
 14893 | Volcano  | Killed a deep elf knight
 14893 | Volcano  | Acquired Sif Muna's third power
 14899 | Volcano  | Reached skill level 10 in Fire Magic
 14914 | Volcano  | HP: 1/80 [deep elf priest/divine providence (14)]
 14914 | Volcano  | Demolished by a small abomination

Action                   |  1- 3 |  4- 6 |  7- 9 | 10-12 || total
-------------------------+-------+-------+-------+-------++-------
Melee: Unarmed           |     5 |       |       |       ||     5
       Hand axe          |    18 |    40 |    81 |   105 ||   244
 Cast: Flame Tongue      |    65 |    53 |    47 |    55 ||   220
       Throw Flame       |     6 |    40 |   134 |    40 ||   220
       Sticky Flame      |       |       |    18 |    26 ||    44
       Conjure Flame     |       |       |     9 |     8 ||    17
       Inner Flame       |       |       |     4 |     1 ||     5
       Fireball          |       |       |     1 |    21 ||    22
Invok: Channel Energy    |       |       |       |    20 ||    20
 Abil: Spit Poison       |    17 |    20 |    38 |    16 ||    91
Evoke: Wand              |       |       |       |     5 ||     5
  Use: Scroll            |     5 |     7 |     9 |     8 ||    29
       Potion            |       |     2 |     2 |     9 ||    13
 Stab: Sleeping          |     1 |     1 |       |     1 ||     3
